 Dungeon Crawl Stone Soup version 0.21.1-1-g345015f (webtiles) character file.

93 kae the Insei (level 4, -7/36 HPs)
             Began as a Draconian Transmuter on May 13, 2018.
             Mangled by a gnoll
             ... wielding a cursed -2 spear
              (8 damage)
             ... on level 3 of the Dungeon.
             The game lasted 00:03:18 (1728 turns).

kae the Insei (Draconian Transmuter)                Turns: 1728, Time: 00:03:18

Health: -7/36      AC:  2    Str: 12    XL:     4   Next: 36%
Magic:  2/7        EV: 19    Int: 14    God:
Gold:   142        SH:  0    Dex: 17    Spells: 1/7 levels left

rFire    . . .     SeeInvis .     - Unarmed
rCold    . . .     Gourm    .   (shield currently unavailable)
rNeg     . . .     Faith    .   (armour unavailable)
rPois    x         Spirit   .   (helmet currently unavailable)
rElec    .         Reflect  .   (cloak currently unavailable)
rCorr    .         Harm     .   (gloves currently unavailable)
MR       .....                  (boots currently unavailable)
Stlth    ++........             (no amulet)
HPRegen  0.12/turn              (no ring)
MPRegen  0.10/turn              (no ring)

@: spider-form (expiring), very slightly contaminated
A: tiny, unfitting armour, AC +5
a: End Transformation


You were on level 3 of the Dungeon.
You were not hungry.
You were a venomous arachnid creature.
You visited 1 branch of the dungeon, and saw 3 of its levels.

You collected 142 gold pieces.

Inventory:

Missiles
 a - 33 arrows
Jewellery
 g - an uncursed ring of ice {unknown}
 i - a cursed ring of teleportation {unknown}
 j - an uncursed ring of protection from cold {unknown}
Scrolls
 f - 2 scrolls of random uselessness {unknown}
 m - a scroll of identify
Potions
 d - a potion of lignification
 e - 2 potions of haste {unknown}
 k - a potion of agility {unknown}
 l - a potion of mutation {unknown}
Books
 b - a book of Changes

   Spells                             Type                      Level
   a - Beastly Appendage              Transmutation                1
   b - Sticks to Snakes               Transmutation                2
   c - Spider Form                    Transmutation/Poison         3
   d - Ice Form                       Ice/Transmutation            4
   e - Blade Hands                    Transmutation                5
Comestibles
 c - 2 rations


   Skills:
 + Level 2.0 Fighting
 - Level 1.7 Dodging
 * Level 3.9 Unarmed Combat
 + Level 2.4 Spellcasting
 * Level 3.1 Transmutations


You had one spell level left.
You knew the following spells:

 Your Spells              Type           Power        Failure   Level  Hunger
a - Beastly Appendage     Tmut           ##....       17%         1    #......
b - Sticks to Snakes      Tmut           ##......     24%         2    ###....
c - Spider Form           Tmut/Pois      #.........   56%         3    ###....


Dungeon Overview and Level Annotations

Branches:
Dungeon (3/15)

Altars:
Dithmenos
Gozag
Zin


Innate Abilities, Weirdness & Mutations

((Your plain brown scales are hard. (AC +5)))
You cannot fit into any form of body armour.
((You are cold-blooded and may be slowed by cold attacks.))


Message History

Casting: Spider Form
Confirm with . or Enter, or press ? or * to list all spells.
You turn into a venomous arachnid creature.
The gnoll closely misses you.
The gnoll hits you from afar with a spear!
You hit the gnoll.
The gnoll is moderately wounded.
The gnoll closely misses you. The gnoll misses you.
You hit the gnoll.
The gnoll is poisoned.
The gnoll is heavily wounded.
Your transformation is almost over.
The gnoll hits you from afar with a spear.
* * * LOW HITPOINT WARNING * * *
The gnoll hits you with a halberd!
* * * LOW HITPOINT WARNING * * *
You bite the gnoll!
You kill the gnoll!
Your Fighting skill increases to level 2!
The gnoll hits you from afar with a spear!
You die...

.....#.g....## #.#
#........ ...........##
#.##......... .....#(....#
#.##......... .......#####
#.#.......... [....#(.##
#.#.......... #####....##
###.#....... #.(##..####
##......g....
#.####....#####..#.#.##....
#.. ####.gg)s..#..### # #..
######....## ...
........#..# ....
##########.# ...#. ...+
..... #.## #


You could see 2 gnolls.

Vanquished Creatures
  4 adders
  A gnoll (D:3)
  An ooze (D:2)
  A worm (D:2)
  A dart slug (D:1)
  A leopard gecko (D:1)
  3 bats
  A giant cockroach (D:1)
  6 goblins
  3 hobgoblins (D:1)
  6 kobolds
  2 frilled lizards (D:1)
  7 rats
37 creatures vanquished.

Notes
Turn   | Place    | Note
-------+----------+-------------------------------------------
     0 | D:1      | kae the Draconian Transmuter began the quest for the Orb.
     0 | D:1      | Reached XP level 1. HP: 16/16 MP: 3/3
   245 | D:1      | Reached XP level 2. HP: 23/23 MP: 3/5
   698 | D:2      | Reached XP level 3. HP: 21/28 MP: 6/6
  1195 | D:2      | Found a shadowy altar of Dithmenos.
  1243 | D:2      | Reached XP level 4. HP: 36/36 MP: 7/7
  1247 | D:2      | Learned a level 2 spell: Sticks to Snakes
  1251 | D:2      | Learned a level 3 spell: Spider Form
  1433 | D:2      | Found an opulent altar of Gozag.
  1434 | D:2      | Found a glowing silver altar of Zin.
  1727 | D:3      | HP: 1/36 [gnoll/halberd (9)]
  1728 | D:3      | Mangled by a gnoll

Skill      XL: |  1  2  3  4 |
---------------+-------------+-----
Transmutations | 3 |  3.1
Fighting       | 2 |  2.0
Dodging        | |  1.7
Unarmed Combat | |  3.9
Spellcasting   | |  2.4

Action                   |  1- 3 |  4- 6 || total
-------------------------+-------+-------++-------
Melee: Unarmed           |   131 |    21 ||   152
       Tailslap          |    10 |     1 ||    11
       Kick              |     2 |     1 ||     3
       Headbutt          |     6 |       ||     6
 Cast: Beastly Appendage |     6 |     2 ||     8
       Spider Form       |       |     1 ||     1
  Use: Scroll            |     3 |       ||     3
 Stab: Sleeping          |     1 |       ||     1
  Eat: Chunk             |     1 |       ||     1
       Ration            |       |     1 ||     1
Armor: Skin              |    50 |    10 ||    60
Dodge: Dodged            |   121 |    25 ||   146
